 Dungeon Crawl Stone Soup version 0.27-a0-1502-g47ed6a6988 (webtiles) character file.

Game seed: 12333315796361269034

879 wakim the Chiller (level 7, -2/36 HPs)
             Began as a Deep Elf Ice Elementalist on July 8, 2021.
             Killed by divine providence
             ... invoked by an orc priest
              (10 damage)
             ... on level 5 of the Dungeon.
             The game lasted 00:13:05 (3658 turns).

wakim the Chiller (Deep Elf Ice Elementalist)       Turns: 3658, Time: 00:13:05

Health: -2/36      AC:  4    Str:  5    XL:     7   Next: 75%
Magic:  9/13       EV: 14    Int: 22    God:
Gold:   217        SH:  5    Dex: 15    Spells: 5/12 levels left

rFire    . . .     SeeInvis .   b - +2 whip (flame)
rCold    + . .     Faith    .   (no shield)
rNeg     . . .     Spirit   .   c - +0 robe
rPois    .         Reflect  +   d - +1 helmet
rElec    .         Harm     .   (no cloak)
rCorr    .         Rampage  .   (no gloves)
Will     .....                  (no boots)
Stlth    +++.......             p - amulet of reflection
HPRegen  0.12/turn              g - ring of wizardry
MPRegen  0.13/turn              n - ring of protection from cold

@: no status effects
A: no striking features
a: no special abilities


You were on level 5 of the Dungeon.
You visited 1 branch of the dungeon, and saw 5 of its levels.
You also visited: Sewer.

You collected 217 gold pieces.

Inventory:

Hand Weapons
 a - a +0 spear
 b - a +2 whip of flaming (weapon)
Missiles
 f - 4 curare-tipped darts {=f}
 i - 6 boomerangs of dispersal {=f!f}
Armour
 c - a +0 robe (worn)
 d - a +1 helmet (worn)
 j - a +0 kite shield
Jewellery
 g - a ring of wizardry (left hand)
 n - a ring of protection from cold (right hand)
 p - an amulet of reflection (around neck)
Scrolls
 m - a scroll of enchant armour
 r - a scroll of identify
 s - a scroll of fear {unknown}
 Q - a scroll of immolation {!r!r}
 Y - a scroll of blinking {!r}
Potions
 e - a potion of invisibility {unknown}
 h - a potion of degeneration {unknown}
 k - a potion of ambrosia {unknown}
 o - 2 potions of brilliance {unknown}
 q - 2 potions of attraction {unknown}
 F - 2 potions of curing


   Skills:
 + Level 5.3 Dodging
 - Level 4.0 Stealth
 * Level 3.9 Shields
 - Level 3.0 Spellcasting
 * Level 7.5 Ice Magic


You had 5 spell levels left.
You knew the following spells:

 Your Spells              Type           Power      Damage    Failure   Level
a - Freeze                Ice            100%       1d11      1%          1
b - Frozen Ramparts       Ice            72%        1d9       1%          3
c - Ozocubu's Armour      Ice            36%        N/A       1%          3

Your spell library contained the following spells:

 Spells                   Type           Power      Damage    Failure   Level
 Hailstorm                Conj/Ice       19%        3d6       11%         4
 Passage of Golubria      Tloc           N/A        N/A       43%         4
 Silence                  Hex/Air        1%         N/A       77%         5
 Lehudib's Crystal Spear  Conj/Erth      1%         10d2      100%        8


Dungeon Overview and Level Annotations

Branches:
Dungeon (4/15)              Sewer (visited)
 Temple: D:4-7

Altars:

Shops:
D:1 (   D:2 ?


Message History

The wall freezes something.
The wall freezes the scorpion.
You kill the scorpion!
The water moccasin skeleton completely resists.
The wall freezes the water moccasin skeleton but does no damage.
The water moccasin skeleton closely misses you.
Unknown command.
Your icy armour and frozen ramparts will break if you move.
Continue?
Your icy armour cracks and falls away as you move.
The frozen ramparts melt away as you move.
You see here a scorpion corpse.
You hear some strange, mumbled words.
You are confused.
The water moccasin skeleton closely misses you.
Something hits you.
You see here a scorpion corpse.
Unknown command.
The water moccasin skeleton barely misses you.
The water moccasin skeleton closely misses you.
The orc priest calls down the wrath of Beogh upon you.
Something writhes in agony!
The water moccasin skeleton bites you but does no damage.
Unknown command.
It was a potion of curing.
You feel better.
F - 2 potions of curing Something hits you but does no damage.
The water moccasin skeleton misses you.
The orc priest mumbles some strange prayers to Beogh against you.
Something writhes in agony!
Reactivating autopickup.
You feel a bit more experienced. The water moccasin skeleton bites you.
You see here a ring of fire.
You block the water moccasin skeleton's attack.
The orc priest mumbles some strange prayers to Beogh against you.
Beogh smites you!
* * * LOW HITPOINT WARNING * * *
The water moccasin skeleton bites you.
* * * LOW HITPOINT WARNING * * *
The orc priest calls down the wrath of Beogh upon you.
Beogh smites you!
You die...

#############
#............
#............
#............
#....@.......
+.............
#...Z..###...#
###...?..###...###
#..................
#.....O............
#.......o..........
#....=.............
#..................


You could see a two-headed ogre, an orc priest and a water moccasin skeleton.

Vanquished Creatures
  Pikel (D:4)
  A water moccasin (Sewer)
  2 scorpions (D:5)
  A hound (D:5)
  7 gnolls (D:3)
  4 adders
  An ufetubus (D:4)
  3 worms
  3 dart slugs
  5 orcs
  6 bats
  5 endoplasms
  3 giant cockroaches
  4 goblins
  A hobgoblin (D:3)
  7 jackals
  5 quokkas
  3 ball pythons
  2 frilled lizards
  8 kobolds
  4 rats
76 creatures vanquished.

Vanquished Creatures (others)
  An orc wizard (D:5)
1 creature vanquished.

Grand Total: 77 creatures vanquished

Notes
Turn   | Place    | Note
-------+----------+-------------------------------------------
     0 | D:1      | wakim the Deep Elf Ice Elementalist began the quest for the
                  | Orb.
     0 | D:1      | Reached XP level 1. HP: 10/10 MP: 6/6
   346 | D:1      | Found a faded altar of an unknown god.
   431 | D:1      | Found Fiab's Weapon Shop.
   472 | D:1      | Reached XP level 2. HP: 15/15 MP: 4/8
  1091 | D:2      | Found Oradef's Magic Scroll Boutique.
  1187 | D:2      | Reached skill level 5 in Ice Magic
  1187 | D:2      | Reached XP level 3. HP: 15/19 MP: 6/9
  1194 | D:2      | Learned a level 3 spell: Frozen Ramparts
  1198 | D:2      | Learned a level 3 spell: Ozocubu's Armour
  1870 | D:3      | Reached XP level 4. HP: 19/24 MP: 2/10
  1972 | D:3      | Found a glowing drain.
  2016 | Sewer    | Entered a sewer
  2168 | Sewer    | Noticed a water moccasin
  2202 | Sewer    | Killed a water moccasin
  2203 | Sewer    | Reached skill level 1 in Shields
  2203 | Sewer    | Reached XP level 5. HP: 28/28 MP: 1/11
  2429 | D:3      | Reached skill level 6 in Ice Magic
  2728 | D:3      | Reached XP level 6. HP: 32/32 MP: 4/12
  2963 | D:4      | Noticed Pikel
  3001 | D:4      | Killed Pikel
  3002 | D:4      | Reached skill level 5 in Dodging
  3002 | D:4      | Reached skill level 7 in Ice Magic
  3002 | D:4      | Reached XP level 7. HP: 18/36 MP: 1/13
  3630 | D:4      | You fall into a shaft and drop 1 floor!
  3630 | D:5      | Entered Level 5 of the Dungeon
  3634 | D:5      | Noticed a two-headed ogre
  3658 | D:5      | Killed from afar by an orc priest

Illustrated notes

Levels and vault maps discovered:
D:1:      heliophobic_arrival_dark_side_of_the_moon, layout_loops_ring,
          shapermc_ecumenical_altar_ellora, serial_shops, shop, st_stairs_7
D:2:      layout_rooms, serial_shops, shop
D:3:      layout_rooms, cheibrodos_sewer_entry_bend
D:4:      layout_loops_corners, temple_doors_e, uniq_ijyb, uniq_robin,
          uniq_pikel, uniq_natasha
D:5:      layout_gridville, mainiacjoe_overflow_surrounded_room, serial_shops,
          shop_fountains, uniq_prince_ribbit1

Skill      XL: |  1  2  3  4  5  6 |
---------------+-------------------+-----
Stealth        | 3 4 |  4.0
Dodging        | 3 4 5 |  5.3
Ice Magic      | 5 6 7 |  7.5
Shields        | 1 2 3 |  3.9
Spellcasting   | |  3.0

Action                   |  1- 3 |  4- 6 |  7- 9 || total
-------------------------+-------+-------+-------++-------
Melee: Dagger            |    13 |     3 |       ||    16
       Spear             |       |    25 |       ||    25
       Whip              |       |       |     9 ||     9
 Cast: Freeze            |    30 |    16 |     1 ||    47
       Frozen Ramparts   |     8 |    15 |     6 ||    29
       Ozocubu's Armour  |     1 |     4 |     1 ||     6
  Use: Scroll            |     6 |       |       ||     6
       Potion            |       |       |     1 ||     1
Armor: Robe              |     9 |    15 |     5 ||    29
Dodge: Dodged            |    32 |    34 |    21 ||    87
Block: Other             |       |       |     6 ||     6

Table legend: (Time is in decaauts)
 A = Elapsed time spent in this place.
 B = Non-inter-level travel time spent in this place.
 C = Inter-level travel time spent in this place.
 D = Time resting spent in this place.
 E = Time spent auto-exploring this place.
 F = Levels seen in this place.
 G = Mean time per level.
                   A        B        C        D        E       F      G
               +--------+--------+--------+--------+--------+-----+--------+
         Total |   3680 |   3493 |    187 |    174 |   2555 |   6 |  613.3 |
       Dungeon |   3349 |   3162 |    187 |     92 |   2379 |   5 |  669.8 |
         Sewer |    331 |    331 |      0 |     82 |    176 |   1 |  331.0 |
               +--------+--------+--------+--------+--------+-----+--------+

Top non-repeatable levels by time:
     D:1: 1139 daAuts
     D:4: 758 daAuts
     D:3: 721 daAuts
     D:2: 701 daAuts
   Sewer: 331 daAuts
     D:5: 28 daAuts
